 Dungeon Crawl Stone Soup version 0.31-a0-662-g684573625c (webtiles) character file.

Game seed: 14757094113543237934

299 kae the Firebug (level 6, -3/32 HPs)
             Began as a Tengu Fire Elementalist on Aug 31, 2023.
             Slain by a gnoll sergeant
             ... wielding a +1 trident of freezing
              (8 damage)
             ... on level 4 of the Dungeon.
             The game lasted 00:01:39 (3246 turns).

kae the Firebug (Tengu Fire Elementalist)           Turns: 3246, Time: 00:01:40

Health: -3/32      AC:  2    Str: 14    XL:     6   Next: 36%
Magic:  2/11       EV: 12    Int: 18    God:
Gold:   291        SH:  0    Dex: 14    Spells: 5/11 levels left

rFire   . . .        c - +0 short sword
rCold   . . .        (no shield)
rNeg    . . .        a - +0 robe
rPois   .            (helmet restricted)
rElec   .            (no cloak)
rCorr   .            (no gloves)
SInv    .            (boots unavailable)
Will    .....        (no amulet)
Stlth   ++           S - +6 ring of strength
HPRegen 0.25/turn    (no ring)
MPRegen 0.12/turn

%: acrobat
@: no status effects
A: beak, talons 3, acrobatic
a: no special abilities


You were on level 4 of the Dungeon.
You visited 1 branch of the dungeon, and saw 4 of its levels.

You collected 291 gold pieces.


Innate Abilities, Weirdness & Mutations

You have a beak for a mouth.
You have claws for feet.
You can magically evade attacks while moving or waiting.


   Skills:
 - Level 2.1 Dodging
 - Level 2.0 Stealth
 + Level 3.2 Spellcasting
 + Level 3.8 Conjurations
 + Level 1.4 Hexes
 * Level 5.5 Fire Magic


You had 5 spell levels left.
You knew the following spells:

 Your Spells              Type           Power      Damage    Failure   Level
a - Foxfire               Conj/Fire      76%        2x1d7     2%          1
b - Scorch                Fire           44%        2d6       2%          2
c - Inner Flame           Hex/Fire       15%        N/A       12%         3

Your spell library contained the following spells:

 Spells                   Type           Power      Damage    Failure   Level
 Shock                    Conj/Air       36%        1d5       8%          1
 Volatile Blastmotes      Fire/Tloc      24%        2d12      16%         3
 Lesser Beckoning         Tloc           4%         N/A       24%         2
 Flame Wave               Conj/Fire      19%        2d7       24%         4
 Gell's Gravitas          Tloc           2%         N/A       43%         3
 Swiftness                Air            2%         N/A       43%         3
 Teleport Other           Tloc           2%         N/A       43%         3
 Airstrike                Air            1%         2d(1-17)  85%         4

Inventory:

Hand Weapons
 c - a +0 short sword (weapon)
   (You took it off a kobold on level 1 of the Dungeon)
Missiles
 d - 38 stones
 g - 7 poisoned darts
Armour
 a - a +0 robe (worn)
Jewellery
 S - a +6 ring of strength (left hand)
   (You found it on level 1 of the Dungeon)
Wands
 p - a wand of flame (18)
   (You found it on level 4 of the Dungeon)
 t - a wand of charming (8)
   (You found it on level 4 of the Dungeon)
Scrolls
 e - 3 scrolls of identify {unknown}
 f - 2 scrolls of teleportation {unknown}
 l - a scroll of fog {unknown}
 m - a scroll of amnesia {unknown}
 q - a scroll of revelation {unknown}
 s - a scroll of vulnerability {unknown}
Potions
 b - a potion of magic
 h - a potion of brilliance {unknown}
 i - a potion of heal wounds {unknown}
 j - a potion of enlightenment {unknown}
 k - a potion of attraction {unknown}
 n - 2 potions of degeneration {unknown}
 o - a potion of mutation {unknown}
 r - 2 potions of curing {unknown}

Dungeon Overview and Level Annotations

Branches:
Dungeon (4/15) Zot: 20754
 Temple: D:4-7

Altars:

........##.....##
#..>....# ##########.#.###
###.....# ..# #.......#
#.....# #.####.###.###
#.....# #....#.# #.#
#.....# ##.....# #.#
###########
#..#..####.######.......
..###..........ยงยง!......
.## ######.#####@ยง......
.# #.# #........ ## #.#
#..g.#### # ... .......
..... ###..gg.. ......#
#..... #......# ..O..
######## .....


You could see an ogre, a gnoll sergeant (combustible) and 2 gnolls.


Message History

The foxfire hits the white imp.
The white imp barely misses you.
Casting: Foxfire (safe; 2% risk of failure)
Confirm with . or Enter, or press ? or * to list all spells.
You conjure some foxfire!
The white imp gestures at you. The puff of frost hits you.
The foxfire hits the white imp.
The white imp is burned terribly!
You kill the white imp! ๐Ÿ˜ฎ HP[-6] MP[-1]
You take 6 damage, and now have 18/32 hp.
You lost 1 mp, and now have 5/11 mp.
An adder comes into view. ๐Ÿ˜Ž HP[+14] MP[+6]
Your hp is fully restored (32).
Your mp is fully restored (11).
Casting: Foxfire (safe; 2% risk of failure)
Confirm with . or Enter, or press ? or * to list all spells.
You conjure some foxfire!
The adder hisses angrily.
You hear a shout!
A ball python comes into view.
The foxfire hits the adder. ๐Ÿ˜Ž MP[-1]
You lost 1 mp, and now have 10/11 mp.
There are monsters nearby!
There are monsters nearby!
Casting: Foxfire (safe; 2% risk of failure)
Confirm with . or Enter, or press ? or * to list all spells.
You conjure some foxfire!
A gnoll comes into view. It is wielding a +0 spear.
The foxfire hits the adder.
You kill the adder!
The foxfire hits the ball python. ๐Ÿ˜Ž MP[-1]
You lost 1 mp, and now have 9/11 mp.
The foxfire hits the ball python!
You kill the ball python!
Casting: Foxfire (safe; 2% risk of failure)
Confirm with . or Enter, or press ? or * to list all spells.
You conjure some foxfire!
The foxfire hits the gnoll.
The foxfire hits the gnoll but does no damage. ๐Ÿ˜Ž MP[-1]
You lost 1 mp, and now have 8/11 mp.
Casting: Foxfire (safe; 2% risk of failure)
Confirm with . or Enter, or press ? or * to list all spells.
You conjure some foxfire!
The gnoll hits you from afar with a +0 spear.
The foxfire hits the gnoll. x2
You kill the gnoll! ๐Ÿ˜• HP[-6]
You take 6 damage, and now have 26/32 hp.
Casting: Foxfire (safe; 2% risk of failure)
Confirm with . or Enter, or press ? or * to list all spells.
You conjure some foxfire! ๐Ÿ˜• HP[+1] MP[-1]
You lost 1 mp, and now have 7/11 mp.
Casting: Foxfire (safe; 2% risk of failure)
Confirm with . or Enter, or press ? or * to list all spells.
You conjure some foxfire!
A gnoll sergeant comes into view.
It is wielding a +1 trident of freezing. ๐Ÿ˜• MP[-1]
You lost 1 mp, and now have 6/11 mp.
A gnoll sergeant is nearby!
A gnoll sergeant is nearby!
A gnoll sergeant is nearby!
Casting: Foxfire (safe; 2% risk of failure)
Confirm with . or Enter, or press ? or * to list all spells.
You conjure some foxfire!
The foxfire hits the gnoll sergeant.
The foxfire hits the gnoll sergeant but does no damage.
The foxfire hits the gnoll sergeant. ๐Ÿ˜• HP[+1] MP[-1]
You lost 1 mp, and now have 5/11 mp.
A gnoll sergeant is nearby!
Casting: Foxfire (safe; 2% risk of failure)
Confirm with . or Enter, or press ? or * to list all spells.
You conjure some foxfire!
The foxfire hits the gnoll sergeant but does no damage.
A gnoll comes into view. It is wielding a +0 whip.
The foxfire hits the gnoll sergeant but does no damage.
The foxfire hits the gnoll sergeant.
A gnoll comes into view. It is wielding a +0 flail.
Casting: Foxfire (safe; 2% risk of failure)
Confirm with . or Enter, or press ? or * to list all spells.
You conjure some foxfire!
The gnoll shouts!
An ogre comes into view. It is wielding a +0 giant spiked club.
The gnoll sergeant hits you from afar with a +1 trident of freezing!
The gnoll sergeant freezes you.
* * * LOW HITPOINT WARNING * * *
The foxfire hits the gnoll sergeant but does no damage. x2
The gnoll sergeant hits you from afar with a +1 trident of freezing!
* * * LOW HITPOINT WARNING * * *
The gnoll sergeant freezes you.
* * * LOW HITPOINT WARNING * * *
There are monsters nearby!
Casting: Foxfire (safe; 2% risk of failure)
Confirm with . or Enter, or press ? or * to list all spells.
Flames lash the gnoll sergeant.
The gnoll sergeant's fire resistance burns away.
The gnoll sergeant hits you from afar with a +1 trident of freezing!
You die...

Skill      XL: |  1  2  3  4  5 |
---------------+----------------+-----
Conjurations   | 2 3 |  3.8
Fire Magic     | 4 5 |  5.5
Spellcasting   | 3 |  3.2
Hexes          | 1 |  1.4
Dodging        | |  2.1
Stealth        | |  2.0

Action                     |  1- 3 |  4- 6 || total
---------------------------+-------+-------++-------
  Melee: Short sword       |     6 |     2 ||     8
         Unarmed           |     4 |       ||     4
         Peck              |       |     1 ||     1
   Cast: Foxfire           |    59 |    68 ||   127
         Scorch            |       |     9 ||     9
 Armour: Robe              |    10 |    27 ||    37
  Dodge: Dodged            |    17 |    40 ||    57

Levels and vault maps discovered:
D:1:      eino_arrival_water_cross, layout_rooms, dk_noncrumbling_4
D:2:      layout_basic, dreamdust_ecumenical_altar_hidden_monk_grotto
D:3:      layout_basic, serial_park_tiny_1
D:4:      layout_rooms

Notes
Turn   | Place    | Note
-------+----------+-------------------------------------------
     0 | D:1      | kae the Tengu Fire Elementalist began the quest for the
                  | Orb.
     0 | D:1      | Reached XP level 1. HP: 10/10 MP: 4/4
     0 | D:1      | magus.rc [v1.11.3]
   189 | D:1      | Reached XP level 2. HP: 15/15 MP: 3/6
   409 | D:1      | Reached skill level 2 in Conjurations
   612 | D:2      | Learned a level 2 spell: Scorch
   648 | D:2      | Reached skill level 4 in Fire Magic
   648 | D:2      | Reached XP level 3. HP: 19/19 MP: 3/7
  1124 | D:2      | Found a faded altar of an unknown god.
  1129 | D:2      | Learned a level 3 spell: Inner Flame
  1488 | D:3      | You pick up a book of Air and begin reading...
  1488 | D:3      | You add the spells Shock, Swiftness and Airstrike to your
                  | library.
  1546 | D:3      | You pick up a book of Displacement and begin reading...
  1546 | D:3      | You add the spells Lesser Beckoning, Gell's Gravitas and
                  | Teleport Other to your library.
  1725 | D:3      | Reached XP level 4. HP: 24/24 MP: 3/8
  1942 | D:3      | HP: 6/24 [poisoned by an adder]
  1947 | D:3      | HP: 3/24 [poisoned by an adder]
  2674 | D:4      | Reached skill level 3 in Conjurations
  2674 | D:4      | Reached XP level 5. HP: 26/28 MP: 3/10
  2822 | D:4      | Noticed a black bear
  2835 | D:4      | Killed a black bear
  2836 | D:4      | Reached skill level 3 in Spellcasting
  2836 | D:4      | Reached skill level 1 in Hexes
  2836 | D:4      | Reached skill level 5 in Fire Magic
  2836 | D:4      | Reached XP level 6. HP: 13/32 MP: 1/11
  3245 | D:4      | HP: 7/32 [gnoll sergeant/+1 trident of freezing (8)]
  3246 | D:4      | Slain by a gnoll sergeant

Vanquished Creatures
  A black bear (D:4)
  An orc priest (D:4)
  An iguana (D:4)
  2 gnolls (D:4)
  8 adders
  A white imp (D:4)
  A worm (D:3)
  2 dart slugs
  4 orcs (D:4)
  5 endoplasms
  A giant cockroach (D:1)
  3 goblins
  6 hobgoblins
  A quokka (D:3)
  5 ball pythons
  2 bats (D:1)
  3 frilled lizards
  6 kobolds
  4 rats (D:1)
57 creatures vanquished.

Vanquished Creatures (collateral kills)
  A foxfire (D:3)
1 creature vanquished.

Vanquished Creatures (others)
  217 foxfires
217 creatures vanquished.

Grand Total: 275 creatures vanquished

Table legend:
 A = Non-vault XP
 B = Vault XP
 C = Vault XP percentage of total XP
 D = Non-vault monster count
 E = Vault monster count
 F = Vault count percentage of total count
                 A         B        C        D         E       F
            +---------+---------+-------+---------+---------+-------
      Total |     428 |       0 |   0.0 |      57 |       0 |   0.0
            +---------+---------+-------+---------+---------+-------
        D:1 |      24 |       0 |   0.0 |      16 |       0 |   0.0
        D:2 |      20 |       0 |   0.0 |       6 |       0 |   0.0
        D:3 |      90 |       0 |   0.0 |      15 |       0 |   0.0
        D:4 |     294 |       0 |   0.0 |      20 |       0 |   0.0
            +---------+---------+-------+---------+---------+-------

Skill      XL: |  1  2  3  4  5 |
---------------+----------------+-----
Conjurations   | 2 3 |  3.8
Fire Magic     | 4 5 |  5.5
Spellcasting   | 3 |  3.2
Hexes          | 1 |  1.4
Dodging        | |  2.1
Stealth        | |  2.0

Action                     |  1- 3 |  4- 6 || total
---------------------------+-------+-------++-------
  Melee: Short sword       |     6 |     2 ||     8
         Unarmed           |     4 |       ||     4
         Peck              |       |     1 ||     1
   Cast: Foxfire           |    59 |    68 ||   127
         Scorch            |       |     9 ||     9
 Armour: Robe              |    10 |    27 ||    37
  Dodge: Dodged            |    17 |    40 ||    57

Illustrated notes

Table legend:
 A = Kills in this place as a percentage of kills in the entire game.
 B = Kills by you in this place as a percentage of kills by you in the entire game.
 C = Kills by friends in this place as a percentage of kills by friends in the entire game.
 D = Other kills in this place as a percentage of other kills in the entire game.
 E = Experience gained in this place as a percentage of experience gained in the entire game.
 F = Experience gained in this place divided by the number of levels of this place that you have seen.
                   A       B       C       D       E      F
               +-------+-------+-------+-------+-------+----------------------
         Total | 100.0 | 100.0 |   N/A |   N/A | 100.0 | 107.0
       Dungeon | 100.0 | 100.0 |   N/A |   N/A | 100.0 | 107.0
               +-------+-------+-------+-------+-------+----------------------

Table legend: (Time is in decaauts)
 A = Elapsed time spent in this place.
 B = Non-inter-level travel time spent in this place.
 C = Inter-level travel time spent in this place.
 D = Time resting spent in this place.
 E = Time spent auto-exploring this place.
 F = Levels seen in this place.
 G = Mean time per level.
                   A        B        C        D        E       F      G
               +--------+--------+--------+--------+--------+-----+--------+
         Total |   3244 |   3176 |     68 |      0 |   2731 |   4 |  811.0 |
       Dungeon |   3244 |   3176 |     68 |      0 |   2731 |   4 |  811.0 |
               +--------+--------+--------+--------+--------+-----+--------+

Top non-repeatable levels by time:
     D:3: 1033 daAuts
     D:2: 872 daAuts
     D:4: 736 daAuts
     D:1: 601 daAuts
